BLB
PHOENIX ROADRUNNERS @ CAROLINA TOBS
09/14/2059
 
TOP OF THE 1ST
Phoenix Roadrunners batting - Pitching for Carolina Tobs : LHP Martin Hoffman
Pitching: LHP Martin Hoffman
Batting: RHB Rick Anderson 0-0: Foul Ball, location: 2F
0-1: Called Strike
0-2: Ball
1-2: Strikes out swinging
Batting: RHB Reginald Botoman 0-0: Called Strike
0-1: Reached on error, E6 (Groundball, 6, EV 85.0 MPH)
Batting: LHB Rayshaun Stuart 0-0: Called Strike
0-1: Ball
1-1: Ball
2-1: Ball
3-1: Foul Ball, location: 2F
3-2: Fly out, F9 (Flyball, 9, EV 85.6 MPH)
Batting: RHB Scott McDonald 0-0: Ground out 5-3 (Groundball, 5, EV 90.6 MPH)
Top of the 1st over - 0 runs, 0 hits, 1 error, 1 left on base; Phoenix 0 - Carolina 0
BOTTOM OF THE 1ST
Carolina Tobs batting - Pitching for Phoenix Roadrunners : LHP Jeremy Thrasher
Pitching: LHP Jeremy Thrasher
Batting: LHB Evan Turner 0-0: Ball
1-0: Ball
2-0: Ball
3-0: Called Strike
3-1: Base on Balls
Batting: RHB Rykeem Potts 0-0: Grounds into double play, 6-4-3 (Groundball, 6, EV 103.1 MPH)
Batting: LHB Trent West 0-0: Called Strike
0-1: Ball
1-1: Ball
2-1: Swinging Strike
2-2: Strikes out swinging
Bottom of the 1st over - 0 runs, 0 hits, 0 errors, 0 left on base; Phoenix 0 - Carolina 0
TOP OF THE 2ND
Phoenix Roadrunners batting - Pitching for Carolina Tobs : LHP Martin Hoffman
Batting: LHB Devon Cundiff 0-0: Ball
1-0: Ground out 5-3 (Groundball, 56, EV 85.0 MPH)
Batting: RHB Dalton Banks 0-0: Ball
1-0: Ground out 4-3 (Groundball, 4S, EV 92.5 MPH)
Batting: RHB Cole Segal 0-0: Foul Ball, location: 2F
0-1: Ball
1-1: Called Strike
1-2: Fly out, F3 (Popup, 34, EV 72.5 MPH)
Top of the 2nd over - 0 runs, 0 hits, 0 errors, 0 left on base; Phoenix 0 - Carolina 0
BOTTOM OF THE 2ND
Carolina Tobs batting - Pitching for Phoenix Roadrunners : LHP Jeremy Thrasher
Batting: RHB Marcus Fahr 0-0: Ground out 5-3 (Groundball, 56, EV 104.4 MPH)
Batting: LHB Clay Newhouse 0-0: Ball
1-0: Called Strike
1-1: Ball
2-1: Foul Ball, location: 2F
2-2: Foul Ball, location: 2F
2-2: Strikes out looking
Batting: SHB JaQawn Schiegl 0-0: Foul Ball, location: 2F
0-1: Ball
1-1: Ball
2-1: Foul Ball, location: 2F
2-2: Ball
3-2: DOUBLE (Line Drive, 9LS, EV 96.2 MPH)
Batting: RHB Johnathan Shillito 0-0: Ball
1-0: Called Strike
1-1: Ball
2-1: Foul Ball, location: 2F
2-2: Strikes out swinging
Bottom of the 2nd over - 0 runs, 1 hit, 0 errors, 1 left on base; Phoenix 0 - Carolina 0
TOP OF THE 3RD
Phoenix Roadrunners batting - Pitching for Carolina Tobs : LHP Martin Hoffman
Batting: LHB Dwight Bell 0-0: Foul Ball, location: 2F
0-1: Ball
1-1: SINGLE (Line Drive, 78M, EV 105.0 MPH)
Batting: RHB Tyrek Schaaf 0-0: Ball
1-0: Swinging Strike
1-1: Grounds into double play, 4-6-3 (Groundball, 4S, EV 80.0 MPH)
Batting: RHB Rick Anderson 0-0: Foul Ball, location: 2F
0-1: Foul Ball, location: 2F
0-2: Foul Ball, location: 2F
0-2: Ball
1-2: Strikes out looking
Top of the 3rd over - 0 runs, 1 hit, 0 errors, 0 left on base; Phoenix 0 - Carolina 0
BOTTOM OF THE 3RD
Carolina Tobs batting - Pitching for Phoenix Roadrunners : LHP Jeremy Thrasher
Batting: LHB Spencer DeSimone 0-0: Fly out, F7 (Flyball, 7LS, EV 78.8 MPH)
Batting: LHB L.G. Clia 0-0: Ball
1-0: Foul Ball, location: 2F
1-1: Foul Ball, location: 2F
1-2: Strikes out swinging
Batting: LHB Evan Turner 0-0: Called Strike
0-1: Swinging Strike
0-2: Ball
1-2: Strikes out looking
Bottom of the 3rd over - 0 runs, 0 hits, 0 errors, 0 left on base; Phoenix 0 - Carolina 0
TOP OF THE 4TH
Phoenix Roadrunners batting - Pitching for Carolina Tobs : LHP Martin Hoffman
Batting: RHB Reginald Botoman 0-0: Called Strike
0-1: Called Strike
0-2: Ball
1-2: Ball
2-2: Fly out, F8 (Flyball, 8LD, EV 102.5 MPH)
Batting: LHB Rayshaun Stuart 0-0: SOLO HOME RUN (Line Drive, 9LD, EV 100.0 MPH), Distance : 394 ft
Batting: RHB Scott McDonald 0-0: Called Strike
0-1: Ball
1-1: Foul Ball, location: 2F
1-2: Strikes out swinging
Batting: LHB Devon Cundiff 0-0: Ball
1-0: Called Strike
1-1: Called Strike
1-2: Ball
2-2: SINGLE (Groundball, 4MD, EV 96.2 MPH)
Batting: RHB Dalton Banks 0-0: Called Strike
0-1: Ball
1-1: Called Strike
1-2: Strikes out looking
Top of the 4th over - 1 run, 2 hits, 0 errors, 1 left on base; Phoenix 1 - Carolina 0
BOTTOM OF THE 4TH
Carolina Tobs batting - Pitching for Phoenix Roadrunners : LHP Jeremy Thrasher
Batting: RHB Rykeem Potts 0-0: Ball
1-0: Foul Ball, location: 2F
1-1: Fly out, F7 (Flyball, 7S, EV 79.4 MPH)
Batting: LHB Trent West 0-0: Called Strike
0-1: Ball
1-1: Ball
2-1: Called Strike
2-2: Strikes out swinging
Batting: RHB Marcus Fahr 0-0: Ball
1-0: Called Strike
1-1: Called Strike
1-2: Strikes out swinging
Bottom of the 4th over - 0 runs, 0 hits, 0 errors, 0 left on base; Phoenix 1 - Carolina 0
TOP OF THE 5TH
Phoenix Roadrunners batting - Pitching for Carolina Tobs : LHP Martin Hoffman
Batting: RHB Cole Segal 0-0: Called Strike
0-1: Called Strike
0-2: Ball
1-2: Strikes out looking
Batting: LHB Dwight Bell 0-0: Foul Ball, location: 2F
0-1: Ground out U3 (Groundball, 34, EV 83.1 MPH)
Batting: RHB Tyrek Schaaf 0-0: Called Strike
0-1: Swinging Strike
0-2: Foul Ball, location: 2F
0-2: Ball
1-2: Ball
2-2: SINGLE (Flyball, 8RS, EV 90.6 MPH)
Batting: RHB Rick Anderson 0-0: Called Strike
0-1: Ball
1-1: Called Strike
1-2: Ball
2-2: Ground out 1-3 (Groundball, 15S, EV 68.1 MPH)
Top of the 5th over - 0 runs, 1 hit, 0 errors, 1 left on base; Phoenix 1 - Carolina 0
BOTTOM OF THE 5TH
Carolina Tobs batting - Pitching for Phoenix Roadrunners : LHP Jeremy Thrasher
Batting: LHB Clay Newhouse 0-0: Foul Ball, location: 2F
0-1: Ball
1-1: Called Strike
1-2: Ball
2-2: Fly out, F8 (Flyball, 8RXD, EV 105.6 MPH)
Batting: SHB JaQawn Schiegl 0-0: Called Strike
0-1: Called Strike
0-2: Ball
1-2: Ball
2-2: Ball
3-2: DOUBLE (Line Drive, 89D, EV 106.2 MPH)
Batting: RHB Johnathan Shillito 0-0: Ground out 6-3 (Groundball, 6, EV 103.8 MPH)
Batting: LHB Spencer DeSimone 0-0: Ball
1-0: Ball
2-0: Hit by Pitch
Batting: LHB L.G. Clia 0-0: Called Strike
0-1: Called Strike
0-2: Ground out 4-3 (Groundball, 4, EV 102.5 MPH)
Bottom of the 5th over - 0 runs, 1 hit, 0 errors, 2 left on base; Phoenix 1 - Carolina 0
TOP OF THE 6TH
Phoenix Roadrunners batting - Pitching for Carolina Tobs : LHP Martin Hoffman
Batting: RHB Reginald Botoman 0-0: Called Strike
0-1: Ball
1-1: Ball
2-1: Swinging Strike
2-2: Ball
3-2: Foul Ball, location: 2F
3-2: Foul Ball, location: 2F
3-2: Strikes out swinging
Batting: LHB Rayshaun Stuart 0-0: Ball
1-0: Ball
2-0: DOUBLE (Line Drive, 8LXD, EV 105.0 MPH)
Batting: RHB Scott McDonald 0-0: Ball
1-0: Ball
2-0: Foul Ball, location: 2F
2-1: Ball
3-1: Base on Balls
Batting: LHB Devon Cundiff 0-0: Called Strike
0-1: SINGLE (Line Drive, 34D, EV 98.1 MPH)
Rayshaun Stuart to third
Scott McDonald to second
Runner from 3rd tries for Home, throw by RF and OUT! 9-2
Batting: RHB Dalton Banks 0-0: Ball
1-0: SINGLE (Line Drive, 89S, EV 105.6 MPH)
Scott McDonald to third
Devon Cundiff to second
Batting: RHB Cole Segal 0-0: Ball
1-0: Foul Ball, location: 2F
1-1: SINGLE (Groundball, 56D, EV 95.6 MPH)
Scott McDonald scores
Devon Cundiff to third
Dalton Banks to second
Runner from 3rd tries for Home, SAFE, throw by LF to home
Dalton Banks to third
Cole Segal to second
Batting: LHB Dwight Bell 0-0: SINGLE (Line Drive, 6D, EV 103.1 MPH)
Dalton Banks scores
Cole Segal to third
Runner from 3rd tries for Home, SAFE, throw by CF to home
Pitching: RHP Brendan Horstman
Batting: LHB Tavin Kang 0-0: Called Strike
Dwight Bell steals 2nd base
0-1: Ball
1-1: Called Strike
1-2: Ball
2-2: Fly out, F8 (Line Drive, 8RD, EV 88.1 MPH)
Top of the 6th over - 4 runs, 5 hits, 0 errors, 1 left on base; Phoenix 5 - Carolina 0
BOTTOM OF THE 6TH
Carolina Tobs batting - Pitching for Phoenix Roadrunners : LHP Jeremy Thrasher
Batting: LHB Evan Turner 0-0: Called Strike
0-1: Ground out 4-3 (Groundball, 4, EV 106.2 MPH)
Batting: RHB Rykeem Potts 0-0: Ball
1-0: Foul Ball, location: 2F
1-1: Swinging Strike
1-2: Strikes out swinging
Batting: LHB Trent West 0-0: Ball
1-0: Fly out, F9 (Line Drive, 89M, EV 88.8 MPH)
Bottom of the 6th over - 0 runs, 0 hits, 0 errors, 0 left on base; Phoenix 5 - Carolina 0
TOP OF THE 7TH
Phoenix Roadrunners batting - Pitching for Carolina Tobs : RHP Brendan Horstman
Batting: RHB Rick Anderson 0-0: Called Strike
0-1: Swinging Strike
0-2: Ball
1-2: Foul Ball, location: 2F
1-2: Foul Ball, location: 2F
1-2: Foul Ball, location: 2F
1-2: SINGLE (Groundball, 25, EV 70.6 MPH) (infield hit)
Batting: RHB Reginald Botoman 0-0: Called Strike
0-1: Called Strike
0-2: Strikes out looking
Batting: LHB Rayshaun Stuart 0-0: Ball
Rick Anderson steals 2nd base
1-0: Swinging Strike
1-1: Ball
2-1: Ground out 4-3 (Groundball, 4, EV 111.2 MPH)
Rick Anderson to third
Batting: RHB Scott McDonald 0-0: Ball
1-0: Foul Ball, location: 2F
1-1: Ball
2-1: Swinging Strike
2-2: Strikes out looking
Top of the 7th over - 0 runs, 1 hit, 0 errors, 1 left on base; Phoenix 5 - Carolina 0
BOTTOM OF THE 7TH
Carolina Tobs batting - Pitching for Phoenix Roadrunners : LHP Jeremy Thrasher
Batting: RHB Marcus Fahr 0-0: Called Strike
0-1: Foul Ball, location: 2F
0-2: Ball
1-2: Ball
2-2: Ball
3-2: Ground out 6-3 (Groundball, 6, EV 84.4 MPH)
Batting: LHB Clay Newhouse 0-0: Ball
1-0: Ball
2-0: Fly out, F9 (Flyball, 9, EV 90.6 MPH)
Batting: SHB JaQawn Schiegl 0-0: Ground out 5-3 (Groundball, 56, EV 83.8 MPH)
Bottom of the 7th over - 0 runs, 0 hits, 0 errors, 0 left on base; Phoenix 5 - Carolina 0
TOP OF THE 8TH
Phoenix Roadrunners batting - Pitching for Carolina Tobs : RHP Brendan Horstman
Batting: LHB Devon Cundiff 0-0: Ball
1-0: Called Strike
1-1: Foul Ball, location: 2F
1-2: Strikes out looking
Batting: RHB Dalton Banks 0-0: Ground out 6-3 (Groundball, 6, EV 86.2 MPH)
Batting: RHB Cole Segal 0-0: Ball
1-0: Called Strike
1-1: Called Strike
1-2: Ball
2-2: Strikes out swinging
Top of the 8th over - 0 runs, 0 hits, 0 errors, 0 left on base; Phoenix 5 - Carolina 0
BOTTOM OF THE 8TH
Carolina Tobs batting - Pitching for Phoenix Roadrunners : LHP Jeremy Thrasher
Batting: RHB Johnathan Shillito 0-0: Called Strike
0-1: Swinging Strike
0-2: Ball
1-2: Ground out 4-3 (Groundball, 4, EV 105.0 MPH)
Batting: LHB Spencer DeSimone 0-0: Ball
1-0: Foul Ball, location: 2F
1-1: Foul Ball, location: 2F
1-2: Strikes out swinging passed ball, reaches first!
Batting: LHB L.G. Clia 0-0: Ball
1-0: Grounds into double play, 5-4-3 (Groundball, 5, EV 90.6 MPH)
Bottom of the 8th over - 0 runs, 0 hits, 0 errors, 0 left on base; Phoenix 5 - Carolina 0
TOP OF THE 9TH
Phoenix Roadrunners batting - Pitching for Carolina Tobs : RHP Brendan Horstman
Batting: LHB Dwight Bell 0-0: Ball
1-0: Ball
2-0: Ball
3-0: Base on Balls
Pitching: RHP Daquein Kim
Batting: LHB Tavin Kang 0-0: Called Strike
Dwight Bell steals 2nd, throwing error, E2
Dwight Bell to third
0-1: Ball
1-1: Ball
2-1: Ball
3-1: Foul Ball, location: 2F
3-2: SINGLE (Groundball, 56D, EV 94.4 MPH)
Dwight Bell scores
Batting: RHB Rick Anderson 0-0: Foul Ball, location: 2F
0-1: Called Strike
0-2: Strikes out swinging
Batting: RHB Reginald Botoman 0-0: Called Strike
Tavin Kang steals 2nd base
0-1: Ball
1-1: Ball
2-1: Ball
3-1: Base on Balls
Batting: LHB Rayshaun Stuart 0-0: Fly out, F6 (Line Drive, 6MD, EV 62.5 MPH)
Batting: RHB Scott McDonald 0-0: Fly out, F8 (Flyball, 8LM, EV 89.4 MPH)
Top of the 9th over - 1 run, 1 hit, 1 error, 2 left on base; Phoenix 6 - Carolina 0
BOTTOM OF THE 9TH
Carolina Tobs batting - Pitching for Phoenix Roadrunners : LHP Jeremy Thrasher
Batting: LHB Evan Turner 0-0: Ground out 5-3 (Groundball, 5, EV 84.4 MPH)
Batting: RHB Rykeem Potts 0-0: Ball
1-0: SINGLE (Groundball, 6D, EV 95.6 MPH)
Batting: LHB Trent West 0-0: Swinging Strike
0-1: Foul Ball, location: 2F
0-2: Foul Ball, location: 2F
0-2: Ball
1-2: Foul Ball, location: 2F
1-2: Ball
2-2: Ball
3-2: Foul Ball, location: 2F
3-2: SINGLE (Line Drive, 78S, EV 108.8 MPH)
Rykeem Potts to second
Rykeem Potts to third
Pitching: LHP Gerold Lentz
Batting: RHB Marcus Fahr 0-0: Foul Ball, location: 2F
0-1: Foul Ball, location: 2F
0-2: Foul Ball, location: 2F
0-2: Ball
1-2: Strikes out swinging
Pinch Hitting: SHB Tommy Pettyjohn 0-0: Swinging Strike
0-1: Ball
1-1: Ball
2-1: Ball
3-1: Called Strike
3-2: Strikes out swinging
Bottom of the 9th over - 0 runs, 2 hits, 0 errors, 2 left on base; Phoenix 6 - Carolina 0
Sunday, March 31st , 2024 - OOTP Baseball 23.10 Build 110